[Event "Krakow Championship-C 2022"]
[Site "Krakow"]
[Date "2022.07.02"]
[Round "9.2"]
[White "Niczyporuk, Jakub"]
[Black "Piddubna, Bozhena"]
[Result "0-1"]
[ECO "A18"]
[WhiteElo "1363"]
[BlackElo "1534"]
[Annotator "NA RC"]
[PlyCount "52"]
[EventDate "2022.06.25"]
[EventType "swiss"]
[EventCountry "POL"]
[SourceTitle "playchess.com"]
[Source "ChessBase"]
[SourceQuality "1"]
[TimeControl "5400+30"]

1. c4 Nf6 2. Nc3 e6 3. e4 d5 4. cxd5 exd5 5. e5 Ne4 6. Nf3 Nc6 7. d4 Bb4 8. Qc2 Bg4 9. Be3 O-O 10. Bd3 f5 11. h3 Bxf3 12. gxf3 Ng5 13. O-O-O f4 14. h4 Nxf3 15. Bxh7+ Kh8 16. h5 fxe3 17. h6 g5 18. Qg6 Qe7 19. Nxd5 Qxh7 20. Qg7+ Qxg7 21. hxg7+ Kxg7 22. Nxc7 e2 23. Ne6+ Kg6 24. Nxf8+ Rxf8 25. a3 exd1=Q+ 26. Rxd1 Bd2+ 0-1

[Event "Krakow Championship-C 2022"]
[Site "Krakow"]
[Date "2022.07.02"]
[Round "9.3"]
[White "Jaromin, Maciej"]
[Black "Kuznik, Kamil"]
[Result "0-1"]
[ECO "E80"]
[WhiteElo "1479"]
[BlackElo "1456"]
[Annotator "NA RC"]
[PlyCount "70"]
[EventDate "2022.06.25"]
[EventType "swiss"]
[EventCountry "POL"]
[SourceTitle "playchess.com"]
[Source "ChessBase"]
[SourceQuality "1"]
[TimeControl "5400+30"]

1. d4 Nf6 2. c4 g6 3. f3 d6 4. e4 Bg7 5. Nc3 Nbd7 6. Nh3 O-O 7. Be3 c5 8. d5 Ne8 9. Qd2 f5 10. exf5 Rxf5 11. Bd3 Rf8 12. O-O-O Ne5 13. Nf2 a6 14. Kb1 Bd7 15. Be2 Nc7 16. f4 Nf7 17. h4 b5 18. h5 bxc4 19. hxg6 hxg6 20. g4 Nb5 21. Qc2 Nxc3+ 22. bxc3 Rb8+ 23. Ka1 Qa5 24. Bd2 Ba4 25. Qxg6 Nh8 26. Rxh8+ Kxh8 27. Rh1+ Kg8 28. Rh7 Rf7 29. Ne4 Bb3 30. Nf6+ exf6 31. Qb1 Rb5 32. Rh3 Rfb7 33. Rh1 Bxa2 34. Qxa2 Qxa2+ 35. Kxa2 Ra5# 0-1

[Event "Krakow Championship-C 2022"]
[Site "Krakow"]
[Date "2022.07.02"]
[Round "9.4"]
[White "Diachek, Andriy"]
[Black "Wegrzyn, Bartosz"]
[Result "1-0"]
[ECO "C07"]
[WhiteElo "1451"]
[BlackElo "1286"]
[Annotator "NA RC"]
[PlyCount "105"]
[EventDate "2022.06.25"]
[EventType "swiss"]
[EventCountry "POL"]
[SourceTitle "playchess.com"]
[Source "ChessBase"]
[SourceQuality "1"]
[TimeControl "5400+30"]

1. e4 e6 2. d4 d5 3. Nd2 c5 4. exd5 Qxd5 5. dxc5 Bxc5 6. Ngf3 a6 7. Bc4 Qc6 8. a4 Nf6 9. O-O O-O 10. Qe2 Nbd7 11. Bd3 b6 12. b3 Bb7 13. Bb2 Be7 14. Nc4 Nd5 15. Nce5 Nxe5 16. Nxe5 Nf4 17. Nxc6 Nxe2+ 18. Bxe2 Bxc6 19. Rfd1 b5 20. axb5 axb5 21. c4 bxc4 22. Bxc4 Rxa1 23. Rxa1 Rb8 24. Be5 Bf6 25. Bxf6 gxf6 26. Kf1 Bb5 27. Bxb5 Rxb5 28. Rb1 Kf8 29. b4 Ke7 30. Ke2 Kd6 31. Kd3 Kd5 32. Kc3 Rb7 33. Rd1+ Ke5 34. Rd2 Rc7+ 35. Kb3 Rb7 36. Kc4 f5 37. Kc5 Rc7+ 38. Kb6 Rc8 39. b5 Rc1 40. Ka7 Ra1+ 41. Kb7 f6 42. b6 Ra3 43. Kc8 Rc3+ 44. Kb8 Rc4 45. b7 Rg4 46. Rd7 Rc4 47. Rc7 Rg4 48. Rd7 Rc4 49. Ka7 Ra4+ 50. Kb6 Rb4+ 51. Kc7 Rc4+ 52. Kd8 Rb4 53. Kc8 1-0

[Event "Krakow Championship-C 2022"]
[Site "Krakow"]
[Date "2022.07.02"]
[Round "9.5"]
[White "Jokel, Marcin"]
[Black "Krasuski, Pawel"]
[Result "0-1"]
[ECO "A80"]
[WhiteElo "1413"]
[BlackElo "1682"]
[Annotator "NA RC"]
[PlyCount "84"]
[EventDate "2022.06.25"]
[EventType "swiss"]
[EventCountry "POL"]
[SourceTitle "playchess.com"]
[Source "ChessBase"]
[SourceQuality "1"]
[TimeControl "5400+30"]

1. d4 f5 2. Nf3 g6 3. g3 Bg7 4. Bg2 Nf6 5. O-O O-O 6. c4 e6 7. Nc3 d5 8. b3 Ne4 9. Bb2 Nc6 10. e3 Ne7 11. c5 b6 12. b4 bxc5 13. bxc5 Rb8 14. Qc2 Nc6 15. Nxe4 fxe4 16. Ne5 Nxe5 17. dxe5 Qg5 18. Rab1 Ba6 19. Rfd1 Bxe5 20. Bf1 Bxf1 21. Rxf1 c6 22. Bxe5 Qxe5 23. Qa4 Qc7 24. Qc2 Qa5 25. h4 Qa3 26. h5 g5 27. Rxb8 Rxb8 28. Rb1 Rb4 29. Rxb4 Qxb4 30. Kg2 h6 31. Kh3 Kg7 32. Qc1 Kf6 33. Qc2 e5 34. Kg2 g4 35. Qd1 Kf5 36. Qc2 d4 37. exd4 exd4 38. Qc1 e3 39. Qc2+ d3 40. Qxd3+ Qe4+ 41. Qxe4+ Kxe4 42. fxe3 Kxe3 0-1

[Event "Krakow Championship-C 2022"]
[Site "Krakow"]
[Date "2022.07.02"]
[Round "9.6"]
[White "Chmielewski, Miroslaw"]
[Black "Wandor, Adam"]
[Result "1/2-1/2"]
[ECO "B10"]
[WhiteElo "1571"]
[BlackElo "1456"]
[Annotator "NA RC"]
[PlyCount "93"]
[EventDate "2022.06.25"]
[EventType "swiss"]
[EventCountry "POL"]
[SourceTitle "playchess.com"]
[Source "ChessBase"]
[SourceQuality "1"]
[TimeControl "5400+30"]

1. e4 c6 2. Ne2 d5 3. exd5 cxd5 4. Ng3 g6 5. d4 Bg7 6. c3 Nc6 7. Be2 Nf6 8. Bf4 h5 9. Nd2 Qb6 10. Qb3 Qxb3 11. axb3 O-O 12. O-O Ng4 13. h3 Bh6 14. Bxh6 Nxh6 15. f4 Kg7 16. Bd3 Bd7 17. Nf3 e6 18. b4 b6 19. Ra3 Rfc8 20. Rfa1 Rc7 21. Nf1 Ng8 22. Ne3 a5 23. bxa5 Rxa5 24. Rxa5 Nxa5 25. Nc2 Ra7 26. Ne5 Be8 27. Kf2 Ne7 28. Ra3 f6 29. Nf3 Nc8 30. Nd2 b5 31. b3 Bc6 32. Nb4 Bd7 33. g4 hxg4 34. hxg4 Nc6 35. Rxa7 N8xa7 36. Na6 e5 37. dxe5 fxe5 38. Nc7 exf4 39. Nxd5 Ne5 40. Nxf4 g5 41. Nh5+ Kh6 42. Be2 Bxg4 43. Nf6 Bxe2 44. Kxe2 Kg6 45. Nd5 Kf5 46. c4 bxc4 47. bxc4 1/2-1/2

[Event "Krakow Championship-C 2022"]
[Site "Krakow"]
[Date "2022.07.02"]
[Round "9.7"]
[White "Khimichenko, Dmytro"]
[Black "Herka, Jakub"]
[Result "1/2-1/2"]
[ECO "B84"]
[WhiteElo "1427"]
[BlackElo "1494"]
[Annotator "NA RC"]
[PlyCount "45"]
[EventDate "2022.06.25"]
[EventType "swiss"]
[EventCountry "POL"]
[SourceTitle "playchess.com"]
[Source "ChessBase"]
[SourceQuality "1"]
[TimeControl "5400+30"]

1. e4 c5 2. Nf3 d6 3. d4 cxd4 4. Nxd4 Nf6 5. Nc3 a6 6. Be2 e6 7. Be3 b5 8. a3 Bb7 9. f3 Be7 10. O-O O-O 11. Qd2 Nbd7 12. Rad1 Rc8 13. Nb3 Qc7 14. Qe1 d5 15. exd5 Nxd5 16. Nxd5 Bxd5 17. Nd4 Bf6 18. c3 Nb6 19. Bc1 Rfd8 20. Qf2 Bc4 21. Bxc4 Nxc4 22. Nc2 Rd7 23. Ne3 1/2-1/2

[Event "Krakow Championship-C 2022"]
[Site "Krakow"]
[Date "2022.07.02"]
[Round "9.8"]
[White "Swietlik, Grzegorz"]
[Black "Cwiek, Stefan"]
[Result "0-1"]
[ECO "A01"]
[WhiteElo "1623"]
[BlackElo "1280"]
[Annotator "NA RC"]
[PlyCount "92"]
[EventDate "2022.06.25"]
[EventType "swiss"]
[EventCountry "POL"]
[SourceTitle "playchess.com"]
[Source "ChessBase"]
[SourceQuality "1"]
[TimeControl "5400+30"]

1. b3 d5 2. e3 Nf6 3. Bb2 Bf5 4. d3 e6 5. Ne2 c5 6. Ng3 Bg6 7. Be2 Nc6 8. Nd2 Bd6 9. Nf3 Qc7 10. Qd2 e5 11. Nh4 O-O-O 12. Nhf5 Bf8 13. O-O-O Qd7 14. Nh4 Bd6 15. Nxg6 hxg6 16. Bf3 Rhe8 17. Kb1 Qe7 18. Qe2 Bc7 19. h4 Kb8 20. h5 gxh5 21. Nxh5 Nxh5 22. Rxh5 e4 23. dxe4 dxe4 24. Bg4 g6 25. Rhd5 f5 26. Bh3 Nb4 27. R5d2 Rxd2 28. Rxd2 Be5 29. Bxe5+ Qxe5 30. Qd1 a6 31. g3 c4 32. Rd8+ Rxd8 33. Qxd8+ Ka7 34. Qd4+ Qxd4 35. exd4 c3 36. Bf1 b5 37. a3 Nc6 38. d5 Ne5 39. Be2 Kb6 40. b4 Nf3 41. Bxf3 exf3 42. Ka2 g5 43. Kb3 g4 44. Kxc3 f4 45. Kd3 fxg3 46. fxg3 Kc7 0-1